AoeStats
← mmmmmmm

Arabian Desert

509694423Analyzed
1v1 RM · 3d ago on Sep 27, 2026· 22m 35s· 2 players
Game mode
Random Map
Map size
Tiny (2 player)
Population
200
Speed
Normal
Resources
Standard
Victory
Conquest
Starting age
Dark Age
Ending age
Imperial Age
RankedLock teamsTeams togetherTeam positionsShared explorationLock speedFull tech treeHidden civsTurbo modeCheats
Victory
Defeat
🇦🇷 Mongols · Argentina
1101
+14
🇪🇸 Britons · Spain
1068
-14
Mollin
4:50 Loom
9:23 Feudal Age
10:49 Double-Bit Axe
14:37 Fletching
15:33 Padded Archer Armor
18:06 Scale Barding Armor
18:13 Forging
mmmmmmm
9:19 Feudal Age
7:52 Loom
12:19 Fletching
12:29 Padded Archer Armor
13:54 Double-Bit Axe
17:48 Horse Collar
19:35 Town Watch
20:27 Wheelbarrow
Connection lost

Rejoining the realm…

Still unreachable

The connection could not be restored.

Session expired

The server has moved on; the page needs a fresh start.